 Dungeon Crawl Stone Soup version 0.30.1-9-gdf580d7c3d (webtiles) character file.

Game seed: 13032331016911653062

35595 leafyfresh the Covert (level 13, 0/106 HPs)
             Began as a Gnoll Delver on Oct 18, 2023.
             Was a High Priest of Okawaru.
             Slain by a spriggan rider
             ... wielding a +2 spear of freezing
              (13 damage)
             ... on level 5 of the Lair of Beasts on Oct 19, 2023.
             The game lasted 00:37:52 (22564 turns).

leafyfresh the Covert (Gnoll Delver)               Turns: 22564, Time: 00:37:53

Health: 0/106      AC: 27    Str: 14    XL:     13   Next: 84%
Magic:  8/8        EV: 15    Int:  8    God:    Okawaru [*****.]
Gold:   490        SH: 11    Dex: 22    Spells: 25/30 levels left

rFire   . . .        j - +10 trident of Slow Death {antimagic, rF- Str-2 Dex+8 Stlth+}
rCold   . . .        S - +2 buckler {AC+3}
rNeg    + + .        R - +2 chain mail {rPois}
rPois   +            (no helmet)
rElec   .            C - +2 cloak
rCorr   .            (no gloves)
SInv    .            l - +0 pair of boots
Will    .....        (no amulet)
Stlth   ++++++       u - ring of Olawn {rN++ AC+4}
HPRegen 0.37/turn    B - ring of protection from fire
MPRegen 0.11/turn

%: no passive effects
@: heroic, invisible
A: fangs 1, strong nose, distributed training, dopey 1
a: Renounce Religion, Heroism, Finesse, Duel


You were on level 5 of the Lair of Beasts.
You worshipped Okawaru.
Okawaru was extremely pleased with you.
You visited 3 branches of the dungeon, and saw 15 of its levels.

You collected 666 gold pieces.
You spent 176 gold pieces at shops.

Inventory:

Hand Weapons
 b - the +7 broad axe of Dividends {drain, rElec Int+3}
   (Okawaru gifted it to you on level 4 of the Lair of Beasts)

   Int:       It affects your intelligence (+3).
   rElec:     It insulates you from electricity.
 e - a +2 heavy halberd
 j - the +10 trident of Slow Death (weapon) {antimagic, rF- Str-2 Dex+8 Stlth+}
   (You found it on level 5 of the Dungeon)

   Str:       It affects your strength (-2).
   Dex:       It affects your dexterity (+8).
   rF:        It makes you vulnerable to fire.
   Stlth:     It makes you more stealthy.
 D - a +2 sling of draining
 T - the +6 lajatang "Rapro" {protect, rElec Str+4}
   (Okawaru gifted it to you on level 3 of the Lair of Beasts)

   Str:       It affects your strength (+4).
   rElec:     It insulates you from electricity.
Missiles
 k - 3 curare-tipped darts (quivered)
Armour
 i - the +1 plate armour of Refuge {MP+9 Int+3 Dex-3}
   (Okawaru gifted it to you on level 5 of the Lair of Beasts)

   Int:       It affects your intelligence (+3).
   Dex:       It affects your dexterity (-3).
   MP:        It affects your magic capacity (+9).
 l - a +0 pair of boots (worn)
 C - a +2 cloak (worn)
 F - an orb of light
 J - the +1 robe "Fasofing" {Dex+3}
   (You found it on level 5 of the Dungeon)

   Dex:       It affects your dexterity (+3).
 R - a +2 chain mail of poison resistance (worn)
 S - a +2 buckler of protection (worn)
Magical Staves
 v - a staff of cold
Jewellery
 t - a ring of willpower
 u - the ring of Olawn (left hand) {rN++ AC+4}
   (You found it on level 3 of the Dungeon)

   [ring of protection]

   AC:        It affects your AC (+4).
   rN:        It greatly protects you from negative energy.
 B - a ring of protection from fire (right hand)
Wands
 g - a wand of digging (6)
 h - a wand of light (5)
 m - a wand of flame (28)
 L - a wand of paralysis (10)
Scrolls
 c - 3 scrolls of fog
 d - 5 scrolls of magic mapping
 r - 4 scrolls of immolation
 y - 2 scrolls of blinking
 z - 3 scrolls of vulnerability
 A - 4 scrolls of amnesia
 E - a scroll of enchant weapon
 O - 3 scrolls of fear
 P - 5 scrolls of poison
 Q - 2 scrolls of brand weapon
Potions
 f - a potion of haste
 n - 2 potions of curing
 o - 2 potions of cancellation
 p - 5 potions of attraction
 q - 4 potions of flight
 s - 3 potions of magic
 w - 2 potions of degeneration {unknown}
 x - 2 potions of mutation {unknown}
 I - 5 potions of lignification
 K - 2 potions of brilliance {unknown}
 M - 3 potions of might {unknown}
 N - 2 potions of heal wounds {unknown}


   Skills:
 + Level 11.1(16.1) Fighting
 + Level 10.1(15.1) Short Blades
 + Level 9.0(14.0) Long Blades
 + Level 9.0(14.0) Axes
 + Level 9.0(14.0) Maces & Flails
 + Level 9.0(14.0) Polearms
 + Level 9.0(14.0) Staves
 + Level 9.0(14.0) Ranged Weapons
 + Level 9.0(14.0) Throwing
 + Level 9.0(14.0) Armour
 + Level 10.1(15.1) Dodging
 + Level 12.9(17.9) Stealth
 + Level 9.0(14.0) Shields
 + Level 9.0(14.0) Unarmed Combat
 + Level 9.0 Spellcasting
 + Level 7.5 Conjurations
 + Level 7.5 Hexes
 + Level 7.5 Summonings
 + Level 7.5 Necromancy
 + Level 7.5 Translocations
 + Level 7.5 Transmutations
 + Level 7.5 Fire Magic
 + Level 7.5 Ice Magic
 + Level 7.5 Air Magic
 + Level 7.5 Earth Magic
 + Level 7.5 Poison Magic
 + Level 9.8 Invocations
 + Level 9.0 Evocations


You had 25 spell levels left.
You knew the following spells:

 Your Spells              Type           Power      Damage    Failure   Level
a - Wereblood             Tmut           15%        N/A       11%         2
b - Ensorcelled Hibernat  Hex/Ice        30%        N/A       11%         2
c - Apportation           Tloc           30%        N/A       7%          1

Your spell library contained the following spells:

 Spells                   Type           Power      Damage    Failure   Level
 Sublimation of Blood     Necr           15%        N/A       11%         2
 Frozen Ramparts          Ice            30%        1d5       22%         3
 Spider Form              Tmut/Pois      15%        N/A       22%         3
 Anguish                  Hex/Necr       7%         N/A       56%         4
 Cause Fear               Hex            7%         N/A       56%         4
 Ice Form                 Ice/Tmut       15%        N/A       56%         4
 Alistair's Intoxication  Tmut/Pois      10%        N/A       89%         5
 Enfeeble                 Hex            7%         N/A       100%        7
 Chain Lightning          Conj/Air       7%         3d10      100%        9
 Fire Storm               Conj/Fire      7%         8d2       100%        9
 Shatter                  Erth           7%         3d10*     100%        9
 Summon Ice Beast         Ice/Summ       Unusable   N/A       N/A         4
 Summon Hydra             Summ           Unusable   N/A       N/A         7

Dungeon Overview and Level Annotations

Branches:
Dungeon (9/15)             Temple (1/1) D:5            Lair (5/5) D:8
 Shoals (0/4) Lair:2        Snake (0/4) Lair:2        Slime (0/5) Lair:4
    Orc: D:9-12

Altars:
Ashenzari
Cheibriados
Dithmenos
Elyvilon
Gozag
Hepliaklqana
Kikubaaqudgha
Makhleb
Nemelex Xobeh
Okawaru
Qazlal
Ru
Sif Muna
Trog
Uskayaw
Vehumet
Wu Jian
Xom
Yredelemnul
Zin
The Shining One
Jiyva

Shops:
D:2 [   D:5 *

Annotations:
D:5 2 transporters
Lair:1 3 runed translucent doors, Rem's ghost, journeyman OpCj


Innate Abilities, Weirdness & Mutations

You have very sharp teeth.
Your uncanny sense of smell can sniff out nearby items.
Your experience applies equally to all skills.
You are dopey. (Int -2)


Message History

The spriggan rider freezes you.
* * * LOW HITPOINT WARNING * * *
You block the wolf's attack.
You puncture the spriggan!
You kill the spriggan!
Okawaru accepts your kill. You block the wolf's attack.
The spriggan rider hits you from afar with a +2 spear of freezing.
* * * LOW HITPOINT WARNING * * *
The spriggan rider freezes you.
* * * LOW HITPOINT WARNING * * *
The spriggan rider hits you from afar with a +0 spear!
* * * LOW HITPOINT WARNING * * *
You puncture the wolf!
You kill the wolf!
Okawaru accepts your kill.
Unknown command.
Blink to where?
Press: ? - help, Dir - move target
As you read the scroll of blinking, it crumbles to dust.
Unknown command.
Unknown command.
Unknown command.
You fade into invisibility!
Unknown command.
Throw: 3 darts (curare)
Press: ? - help, Q - select action, (/) - cycle Shift-Dir - straight line, f - spriggan rider
Aim: a spriggan rider, wielding a +2 spear of freezing (57% to hit)
Okay, then.
You block the spriggan rider's attack.
The spriggan rider hits you but does no damage.
You puncture the spriggan rider!
The spriggan rider is lightly wounded.
The spriggan rider hits you but does no damage.
You block the spriggan rider's attack.
You puncture the spriggan rider!
The spriggan rider is moderately wounded.
The spriggan rider misses you.
The spriggan rider hits you with a +2 spear of freezing!
You die...

♣......♣ ♣.......♣♣♣ ♣♣.
♣♣♣♣.....♣ ....♣♣♣♣...♣ ♣..
♣♣♣.)...♣..♣ ..♣ ♣♣..♣ ♣..
♣hi†.....♣♣♣ ♣ ♣♣.♣ ♣#.
.hi♣♣♣♣....♣♣♣ ♣♣..♣ ♣♣. [.
♣♣♣....♣♣ ♣..♣♣ #.. .
♣♣....♣♣♣♣♣♣♣♣♣♣♣..♣♣♣##.
♣♣♣♣hi♣♣....♣♣...♣♣♣..P. ♣♣♣
♣♣.i@.......♣♣♣♣♣..P. ...
♣♣.)?.....♣♣ ♣.♣.## ..##
♣♣♣♣♣.....♣♣♣ ♣♣..### ♣..
♣♣.♣♣♣♣....♣ ♣♣#..#.#.
♣♣.#####...♣♣♣♣♣♣♣♣♣♣♣........
♣♣#..P##...#..♣♣♣♣♣♣♣..#.##...##
#♣.PP<.###.........♣†........#.##
#.....###...........##.....P...#.
#.....###........######..........


You could see 2 spriggan riders and a wolf.

Vanquished Creatures
  2 hydras
  2 catoblepae
  A boulder beetle (Lair:4)
  4 death yaks (Lair:4)
  3 skysharks (Lair:3)
  A manticore (Lair:2)
  An elephant (Lair:4)
  7 black mambas
  A torpor snail (Lair:5)
  5 cane toads
  Joseph (Lair:1)
  12 komodo dragons
  2 rime drakes
  A wind drake (Lair:2)
  5 polar bears
  A hornet (Lair:5)
  2 dream sheep (Lair:5)
  10 blink frogs
  7 spriggans (Lair:5)
  8 wyverns
  23 yaks
  5 humans
  2 steam dragons
  4 basilisks
  3 nagas (Lair:2)
  9 water moccasins
  An acid dragon (D:9)
  An orc warrior (D:8)
  6 black bears
  7 sky beasts
  3 ice beasts
  39 wolves
  5 centaurs
  An ogre (D:3)
  A phantom (D:4)
  A kobold brigand (D:9)
  7 bullfrogs
  4 scorpions
  A gnoll sergeant (D:8)
  11 wights
  6 killer bees
  An electric eel (Lair:2)
  2 howler monkeys (D:9)
  A lava snake (Lair:2)
  Crazy Yiuf (D:2)
  2 gnoll boudas
  An orc priest (D:8)
  4 hounds
  A jelly (D:7)
  Jessica (D:3)
  A scorpion zombie (D:4)
  4 iguanas
  3 orc wizards
  A centaur simulacrum (D:8)
  A hound zombie (D:4)
  A killer bee simulacrum (D:8)
  42 gnolls
  9 adders
  A shadow imp (D:5)
  7 white imps
  2 ufetubi
  2 adder zombies (D:4)
  A worm (D:3)
  A dart slug (D:2)
  40 orcs
  5 ball pythons
  2 bats
  7 endoplasms
  2 giant cockroaches
  5 goblins
  7 hobgoblins
  16 jackals (D:3)
  A quokka (D:2)
  A jackal skeleton (D:4)
  A jackal zombie (D:4)
  12 kobolds
  A quokka zombie (D:4)
  5 rats
411 creatures vanquished.

Notes
Turn   | Place    | Note
-------+----------+-------------------------------------------
     0 | D:5      | Reached skill level 9 in Stealth
     0 | D:5      | leafyfresh the Gnoll Delver began the quest for the Orb.
     0 | D:5      | Reached XP level 1. HP: 23/23 MP: 1/1
    12 | D:5      | Found Qeuruvug's Assorted Antiques.
    19 | D:5      | Reached XP level 2. HP: 29/29 MP: 2/2
    30 | D:5      | Identified the +10 trident of Slow Death {antimagic, rF-
                  | Str-2 Dex+8 Stlth+}
    87 | D:5      | Noticed a black bear
    96 | D:5      | Killed a black bear
    97 | D:5      | Reached skill level 1 in Long Blades
    97 | D:5      | Reached skill level 1 in Axes
    97 | D:5      | Reached skill level 1 in Maces & Flails
    97 | D:5      | Reached skill level 1 in Polearms
    97 | D:5      | Reached skill level 1 in Staves
    97 | D:5      | Reached skill level 1 in Ranged Weapons
    97 | D:5      | Reached skill level 1 in Throwing
    97 | D:5      | Reached skill level 1 in Armour
    97 | D:5      | Reached skill level 1 in Shields
    97 | D:5      | Reached skill level 1 in Unarmed Combat
    97 | D:5      | Reached skill level 1 in Spellcasting
    97 | D:5      | Reached skill level 1 in Conjurations
    97 | D:5      | Reached skill level 1 in Hexes
    97 | D:5      | Reached skill level 1 in Summonings
    97 | D:5      | Reached skill level 1 in Necromancy
    97 | D:5      | Reached skill level 1 in Translocations
    97 | D:5      | Reached skill level 1 in Transmutations
    97 | D:5      | Reached skill level 1 in Fire Magic
    97 | D:5      | Reached skill level 1 in Ice Magic
    97 | D:5      | Reached skill level 1 in Air Magic
    97 | D:5      | Reached skill level 1 in Earth Magic
    97 | D:5      | Reached skill level 1 in Poison Magic
    97 | D:5      | Reached skill level 1 in Invocations
    97 | D:5      | Reached skill level 1 in Evocations
    97 | D:5      | Reached XP level 3. HP: 21/35 MP: 0/4
    97 | D:5      | Reached XP level 4. HP: 25/41 MP: 0/5
   174 | D:5      | Found a staircase to the Ecumenical Temple.
   223 | Temple   | Entered the Ecumenical Temple
   388 | Temple   | Became a worshipper of Warmaster Okawaru
   436 | D:5      | Reached XP level 5. HP: 47/47 MP: 2/7
   493 | D:5      | Found a transporter.
   549 | D:5      | Found a glowing golden altar of the Shining One.
   565 | D:4      | Reached skill level 5 in Short Blades
   565 | D:4      | Reached skill level 5 in Dodging
   565 | D:4      | Reached XP level 6. HP: 24/53 MP: 2/8
   973 | D:4      | Reached * piety under Okawaru
  1078 | D:4      | Reached XP level 7. HP: 60/60 MP: 3/10
  1525 | D:3      | Identified the ring of Olawn {rN++ AC+4}
  1639 | D:3      | Noticed Jessica
  1645 | D:3      | Killed Jessica
  1704 | D:3      | Learned a level 2 spell: Wereblood
  1771 | D:3      | Reached ** piety under Okawaru
  1772 | D:3      | Reached skill level 10 in Stealth
  1948 | D:3      | Reached XP level 8. HP: 55/67 MP: 1/12
  2207 | D:3      | Found a snail-covered altar of Cheibriados.
  2303 | D:3      | Found a sparkling altar of Nemelex Xobeh.
  2702 | D:2      | Found Fedisonk's Armour Emporium.
  3281 | D:2      | Found a runed translucent door.
  3282 | D:2      | Noticed Crazy Yiuf
  3379 | D:2      | Killed Crazy Yiuf
  4253 | D:2      | Bought an orb of light for 176 gold pieces
  4332 | D:5      | Found a transporter.
  4407 | D:5      | Identified the +1 robe "Fasofing" {Dex+3}
  4563 | D:5      | Found a broken altar of Ashenzari.
  4727 | D:6      | Reached *** piety under Okawaru
  5124 | D:6      | Reached XP level 9. HP: 58/73 MP: 4/14
  5245 | D:6      | Found an ancient bone altar of Kikubaaqudgha.
  5982 | D:6      | Reached skill level 5 in Invocations
  6122 | D:6      | Reached **** piety under Okawaru
  6776 | D:4      | Learned a level 2 spell: Ensorcelled Hibernation
  7448 | D:6      | Reached skill level 5 in Long Blades
  7448 | D:6      | Reached skill level 5 in Axes
  7448 | D:6      | Reached skill level 5 in Maces & Flails
  7448 | D:6      | Reached skill level 5 in Polearms
  7448 | D:6      | Reached skill level 5 in Staves
  7448 | D:6      | Reached skill level 5 in Ranged Weapons
  7448 | D:6      | Reached skill level 5 in Throwing
  7448 | D:6      | Reached skill level 5 in Armour
  7448 | D:6      | Reached skill level 5 in Shields
  7448 | D:6      | Reached skill level 5 in Unarmed Combat
  7448 | D:6      | Reached skill level 5 in Spellcasting
  7448 | D:6      | Reached skill level 5 in Evocations
  7448 | D:6      | Reached XP level 10. HP: 81/81 MP: 5/17
  7859 | D:7      | Found a radiant altar of Vehumet.
  8056 | D:7      | Found a hazy altar of Hepliaklqana.
  8641 | D:8      | Reached skill level 11 in Stealth
  8774 | D:8      | Reached ***** piety under Okawaru
  9468 | D:8      | Found a staircase to the Lair.
  9655 | D:8      | Found a bloodstained altar of Trog.
  9657 | D:8      | Found a shimmering altar of Xom.
  9869 | D:9      | Found a hide-covered altar of Uskayaw.
  9883 | D:9      | Noticed a kobold demonologist
  9883 | D:9      | Noticed a kobold demonologist
  9883 | D:9      | Noticed a kobold demonologist
  9886 | D:9      | Noticed a smoke demon
  9888 | D:9      | Noticed a soul eater
 10729 | Lair:1   | Entered Level 1 of the Lair of Beasts
 10729 | Lair:1   | You fall into a shaft and drop 1 floor!
 10753 | Lair:2   | Reached skill level 5 in Conjurations
 10753 | Lair:2   | Reached skill level 5 in Hexes
 10753 | Lair:2   | Reached skill level 5 in Summonings
 10753 | Lair:2   | Reached skill level 5 in Necromancy
 10753 | Lair:2   | Reached skill level 5 in Translocations
 10753 | Lair:2   | Reached skill level 5 in Transmutations
 10753 | Lair:2   | Reached skill level 5 in Fire Magic
 10753 | Lair:2   | Reached skill level 5 in Ice Magic
 10753 | Lair:2   | Reached skill level 5 in Air Magic
 10753 | Lair:2   | Reached skill level 5 in Earth Magic
 10753 | Lair:2   | Reached skill level 5 in Poison Magic
 10753 | Lair:2   | Reached XP level 11. HP: 77/89 MP: 6/20
 10848 | Lair:2   | Found a staircase to the Shoals.
 10848 | Lair:2   | Noticed a manticore
 10870 | Lair:2   | Killed a manticore
 12789 | Lair:1   | Received a gift from Okawaru
 13761 | Lair:1   | Found a runed translucent gate.
 13761 | Lair:1   | Found a runed translucent gate.
 13761 | Lair:1   | Found a runed translucent gate.
 13763 | Lair:1   | Noticed Rem's ghost (journeyman OpCj)
 13763 | Lair:1   | Noticed an 11-headed hydra
 13994 | Lair:1   | Noticed Joseph
 14004 | Lair:1   | Killed Joseph
 14816 | D:9      | Found an ornate altar of the Wu Jian Council.
 14818 | D:9      | Gained mutation: You are dopey. (Int -2) [a neqoxec]
 15465 | Lair:2   | Found a staircase to the Snake Pit.
 16060 | Lair:3   | Reached XP level 12. HP: 97/97 MP: 7/22
 16220 | Lair:3   | Identified the +6 lajatang "Rapro" {protect, rElec Str+4}
                  | (Okawaru gifted it to you on level 3 of the Lair of Beasts)
 16220 | Lair:3   | Received a gift from Okawaru
 16224 | Lair:3   | Noticed a skyshark
 16232 | Lair:3   | Noticed a skyshark
 16241 | Lair:3   | Reached skill level 12 in Stealth
 16257 | Lair:3   | Killed a skyshark
 16282 | Lair:3   | Reached skill level 10 in Fighting
 16301 | Lair:3   | Killed a skyshark
 16715 | Lair:3   | Noticed a skyshark
 16744 | Lair:3   | Killed a skyshark
 17811 | Lair:4   | Found a staircase to the Slime Pits.
 17811 | Lair:4   | Found a viscous altar of Jiyva.
 18051 | Lair:4   | Identified the +7 broad axe of Dividends {drain, rElec
                  | Int+3} (Okawaru gifted it to you on level 4 of the Lair of
                  | Beasts)
 18051 | Lair:4   | Received a gift from Okawaru
 18398 | Lair:4   | Noticed a boulder beetle
 18475 | Lair:4   | Killed a boulder beetle
 18918 | Lair:4   | Noticed an eight-headed hydra
 18930 | Lair:4   | Killed an eight-headed hydra
 18931 | Lair:4   | Reached XP level 13. HP: 69/104 MP: 6/25
 19173 | Lair:4   | Received a gift from Okawaru
 21071 | Lair:5   | Entered Level 5 of the Lair of Beasts
 21888 | Lair:4   | Learned a level 1 spell: Apportation
 22282 | Lair:5   | Reached skill level 10 in Short Blades
 22282 | Lair:5   | Reached skill level 10 in Dodging
 22292 | Lair:5   | Identified the +1 plate armour of Refuge {MP+9 Int+3 Dex-3}
                  | (Okawaru gifted it to you on level 5 of the Lair of Beasts)
 22292 | Lair:5   | Received a gift from Okawaru
 22564 | Lair:5   | Slain by a spriggan rider

Illustrated notes

Levels and vault maps discovered:
D:1:      dpeg_arrival_fog, layout_loops_ring
D:2:      layout_loops_corners, serial_shops, shop, kennysheep_cluttered_room,
          uniq_crazy_yiuf_cottage
D:3:      lemuel_castle_with_subvaults [lemuel_castle_interior_carwin_3],
          layout_basic, nemelex_diamond_rough_becter, slow_altar_2, uniq_jessica
D:4:      layout_gridville, serial_undead, serial_undead_e, serial_undead_d,
          serial_undead_b, serial_undead_d
D:5:      gammafunk_steamed_eel, layout_rooms, old_standard_altar,
          mainiacjoe_overflow_cross_hatched, minmay_temple_entry_statues,
          serial_shops, shop, corexii_item_surrounded_by_moat,
          minmay_misc_feat_alley
D:6:      layout_gridville, kiku_gazebo_garden_becter, palyth_stone_intersect,
          minmay_ruffians
D:7:      layout_cave_pods, mainiacjoe_overflow_chevrons,
          mainiacjoe_overflow_alcove_2
D:8:      layout_loops_ring, nicolae_overflow_hidden_temple,
          grunt_lair_entry_orc_guard_hut, serial_ice, serial_ice_i,
          serial_ice_b, serial_ice_f, serial_ice_h
D:9:      layout_loops_ring, nicolae_uskayaw_murder_on_the_dancefloor,
          mainiacjoe_overflow_24_doors, nrook_mini_vaults
Temple:   hellmonk_temple_flake
Lair:1:   gammafunk_indiana_jones, layout_cave_pods, gammafunk_ghost_hydra_chop,
          uniq_joseph
Lair:2:   layout_misc_corridors, minmay_shoals_entry_beasts,
          nicolae_snake_entry_squirm, nicolae_lair_liquid_snakes,
          serial_bayou_shore_b
Lair:3:   layout_long_grid
Lair:4:   layout_regular_city, slime_entry_1, beast_lair_carwin_8
Lair:5:   minmay_lair_end_enchanted_forest, layout_loops_ring

Skill      XL: |  1  2  3  4  5  6  7  8  9 10 11 12 13 |
---------------+----------------------------------------+-----
Stealth        | 10 11 12 | 12.9
Long Blades    | 1 2 3 5 6 7 8 9 |  9.0
Axes           | 1 2 3 5 6 7 8 9 |  9.0
Maces & Flails | 1 2 3 5 6 7 8 9 |  9.0
Polearms       | 1 2 3 5 6 7 8 9 |  9.0
Staves         | 1 2 3 5 6 7 8 9 |  9.0
Ranged Weapons | 1 2 3 5 6 7 8 9 |  9.0
Throwing       | 1 2 3 5 6 7 8 9 |  9.0
Armour         | 1 2 3 5 6 7 8 9 |  9.0
Shields        | 1 2 3 5 6 7 8 9 |  9.0
Unarmed Combat | 1 2 3 5 6 7 8 9 |  9.0
Spellcasting   | 1 2 3 5 6 7 8 9 |  9.0
Conjurations   | 1 2 3 4 5 6 7 |  7.5
Hexes          | 1 2 3 4 5 6 7 |  7.5
Summonings     | 1 2 3 4 5 6 7 |  7.5
Necromancy     | 1 2 3 4 5 6 7 |  7.5
Translocations | 1 2 3 4 5 6 7 |  7.5
Transmutations | 1 2 3 4 5 6 7 |  7.5
Fire Magic     | 1 2 3 4 5 6 7 |  7.5
Ice Magic      | 1 2 3 4 5 6 7 |  7.5
Air Magic      | 1 2 3 4 5 6 7 |  7.5
Earth Magic    | 1 2 3 4 5 6 7 |  7.5
Poison Magic   | 1 2 3 4 5 6 7 |  7.5
Invocations    | 1 2 3 4 5 6 7 8 9 |  9.8
Evocations     | 1 2 3 5 6 7 8 9 |  9.0
Short Blades   | 5 6 7 8 9 10 | 10.1
Dodging        | 5 6 7 8 9 10 | 10.1
Fighting       | 7 8 9 10 11 | 11.1

Action                     |  1- 3 |  4- 6 |  7- 9 | 10-12 | 13-15 || total
---------------------------+-------+-------+-------+-------+-------++-------
  Melee: Short sword       |     2 |       |       |       |       ||     2
         Trident           |     4 |    59 |   392 |   851 |   430 ||  1736
         Bite              |     1 |     2 |    32 |   131 |    64 ||   230
         Punch             |       |       |     4 |       |       ||     4
  Throw: Dart              |       |     2 |     2 |     3 |       ||     7
         Throwing net      |       |       |       |     1 |       ||     1
 Invoke: Heroism           |       |       |     1 |     2 |     5 ||     8
         Finesse           |       |       |       |     1 |       ||     1
  Evoke: Wand              |       |       |       |     1 |       ||     1
    Use: Scroll            |       |       |    12 |     5 |     5 ||    22
         Potion            |       |       |     1 |     4 |     2 ||     7
   Stab: Sleeping          |     3 |    10 |    22 |    12 |     4 ||    51
         Distracted        |       |     1 |    11 |     7 |     2 ||    21
 Armour: Leather armour    |       |     7 |    31 |       |       ||    38
         Robe              |       |       |    50 |    23 |       ||    73
         Chain mail        |       |       |       |   403 |   197 ||   600
         Skin              |       |       |       |       |     3 ||     3
  Dodge: Dodged            |     5 |    27 |   335 |   428 |   145 ||   940
  Block: Buckler           |       |       |       |   260 |   180 ||   440
